[ AOE2 MATCH · #477633600 ]
UnrankedItalians vs Spanish
[ REPLAY ANALYSIS · EXTRACTED FROM THE RECORDED GAME ]
Feudal
9:33
Castle
19:18
Imperial
41:32
| APM avg | 15.4 |
| APM peak | 42 |
| eAPM avg | 12.0 |
| Villagers / military | 72 / 119 |
Focus
⚔️ 41.9% · 🌾 58.1%
Genoese Crossbowman ×40 · Skirmisher ×36 · Petard ×31 · Archer ×5 · Mangonel ×5 · Militia ×2
Feudal
—
Castle
—
Imperial
—
| APM avg | 12.9 |
| APM peak | 40 |
| eAPM avg | 11.7 |
| Villagers / military | 140 / 133 |
Focus
⚔️ 37.6% · 🌾 62.4%
Militia ×34 · Scorpion ×26 · Centurion ×21 · Skirmisher ×20 · Spearman ×12 · Knight ×11
Feudal
—
Castle
—
Imperial
—
| APM avg | 9.6 |
| APM peak | 51 |
| eAPM avg | 7.0 |
| Villagers / military | 49 / 51 |
Focus
⚔️ 29.8% · 🌾 70.2%
Conquistador ×34 · Scout Cavalry ×14 · Trade Cart ×8 · Missionary ×3
Feudal
—
Castle
—
Imperial
—
| APM avg | 15.7 |
| APM peak | 45 |
| eAPM avg | 13.6 |
| Villagers / military | 132 / 70 |
Focus
⚔️ 21.1% · 🌾 78.9%
War Elephant ×63 · Trebuchet (Packed) ×6 · Monk ×1
Feudal
—
Castle
—
Imperial
—
| APM avg | 32.6 |
| APM peak | 194 |
| eAPM avg | 31.7 |
| Villagers / military | 82 / 116 |
Focus
⚔️ 10.4% · 🌾 89.6%
Spearman ×54 · Conquistador ×31 · Scout Cavalry ×16 · Skirmisher ×9 · Monk ×3 · Trade Cart ×3
Feudal
12:13
Castle
19:23
Imperial
35:23
| APM avg | 16.3 |
| APM peak | 40 |
| eAPM avg | 12.4 |
| Villagers / military | 122 / 93 |
Focus
⚔️ 25.3% · 🌾 74.7%
Scorpion ×69 · Battering Ram ×24 · Trade Cart ×20
Feudal
14:16
Castle
23:22
Imperial
43:19
| APM avg | 18.6 |
| APM peak | 43 |
| eAPM avg | 15.4 |
| Villagers / military | 185 / 96 |
Focus
⚔️ 30.7% · 🌾 69.3%
Spearman ×33 · Mangonel ×17 · Trade Cart ×13 · Throwing Axeman ×10 · Cavalry Archer ×8 · Trebuchet (Packed) ×8
Feudal
—
Castle
—
Imperial
—
| APM avg | 10.8 |
| APM peak | 32 |
| eAPM avg | 10.0 |
| Villagers / military | 158 / 47 |
Focus
⚔️ 29.0% · 🌾 71.0%
War Elephant ×40 · Trade Cart ×9 · Monk ×4 · Trebuchet (Packed) ×3
Match map
Initial resources + every placement click. Lines = walls · curves = elevation contours. ◆ gold · ⬟ stone · ● berries · ✦ relic · ◌ wall gap
Your base· ✓ Closed at 19:18 · 3t walls · 3 gate(s)
NEGRONE2280's base· ✓ Closed at 22:39 · 40t walls · 3 gate(s)
Reywell10's base· ✓ Closed at 13:49 · 0t walls · 2 gate(s)
ColeEcoBOOM's base· ✓ Closed at 22:29 · 1t walls · 4 gate(s)
Option E1754's base· ✓ Closed at 21:02 · 0t walls · 3 gate(s)
EL THANOS's base· ✓ Closed at 19:23 · 0t walls · 2 gate(s)
psnb694238's base· ✓ Closed at 23:22 · 0t walls · 2 gate(s)
DOLAR2305's base· ✓ Closed at 19:27 · 0t walls · 3 gate(s)
Smoothed initial terrain · ◌ = detected wall gap · hover for details
Inputs per minute
— RudiKillerD - - NEGRONE2280
Build order — RudiKillerD
First 150 of 296 actions detected
| 0:02 | Create | Villager (Male) |
| 0:02 | Create | Villager (Male) |
| 0:04 | Build | House |
| 0:06 | Build | House |
| 0:42 | Create | Villager (Male) |
| 1:44 | Create | Villager (Male) |
| 1:51 | Create | Villager (Male) |
| 2:22 | Create | Villager (Male) |
| 2:39 | Build | Lumber Camp |
| 3:02 | Create | Villager (Male) |
| 3:20 | Create | Villager (Male) |
| 3:33 | Build | House |
| 3:56 | Create | Villager (Male) |
| 3:57 | Create | Villager (Male) |
| 4:39 | Create | Villager (Male) |
| 5:09 | Build | Mill |
| 5:12 | Create | Villager (Male) |
| 5:43 | Create | Villager (Male) |
| 5:45 | Create | Villager (Male) |
| 5:50 | Build | House |
| 6:16 | Create | Villager (Male) |
| 6:48 | Create | Villager (Male) |
| 7:21 | Research | Feudal Age |
| 7:40 | Build | Barracks |
| 7:46 | Create | Villager (Male) |
| 8:28 | Create | Villager (Male) |
| 9:05 | Create | Villager (Male) |
| 9:33 | Age | Feudal Age |
| 9:36 | Research | Double-Bit Axe |
| 9:39 | Research | Horse Collar |
| 10:06 | Build | Mill |
| 10:07 | Create | Villager (Male) |
| 10:16 | Build | House |
| 11:00 | Research | Wheelbarrow |
| 11:05 | Create | Villager (Male) |
| 11:29 | Build | Farm |
| 11:30 | Build | Farm |
| 11:30 | Build | Farm |
| 12:02 | Build | Farm |
| 12:03 | Build | Farm |
| 12:03 | Build | Farm |
| 12:04 | Build | Farm |
| 12:47 | Build | Mining Camp |
| 12:52 | Create | Villager (Male) |
| 12:55 | Create | Villager (Male) |
| 13:22 | Create | Villager (Male) |
| 13:28 | Build | House |
| 13:52 | Create | Villager (Male) |
| 14:03 | Build | House |
| 14:08 | Create | Villager (Male) |
| 14:16 | Build | Farm |
| 14:25 | Build | Farm |
| 14:25 | Build | Farm |
| 14:41 | Create | Villager (Male) |
| 14:50 | Build | Blacksmith |
| 14:55 | Build | Market |
| 15:02 | Create | Villager (Male) |
| 15:25 | Create | Villager (Male) |
| 15:35 | Build | Mining Camp |
| 15:53 | Research | Stone Mining |
| 15:57 | Create | Villager (Male) |
| 16:34 | Research | Castle Age |
| 16:40 | Create | Militia |
| 16:41 | Create | Militia |
| 16:45 | Create | Villager (Male) |
| 17:11 | Research | Gold Mining |
| 17:13 | Create | Villager (Male) |
| 17:54 | Build | House |
| 17:56 | Build | House |
| 17:58 | Create | Villager (Male) |
| 18:21 | Build | Archery Range |
| 18:23 | Build | Archery Range |
| 18:26 | Create | Villager (Male) |
| 18:38 | Build | House |
| 18:39 | Build | House |
| 18:41 | Build | House |
| 18:45 | Build | Stone Wall |
| 18:49 | Create | Villager (Male) |
| 18:56 | Build | House |
| 19:00 | Build | Stone Wall |
| 19:13 | Build | Lumber Camp |
| 19:18 | Age | Castle Age |
| 20:01 | Build | Castle |
| 20:12 | Create | Skirmisher |
| 20:13 | Create | Skirmisher |
| 20:13 | Create | Skirmisher |
| 20:17 | Create | Skirmisher |
| 20:17 | Create | Skirmisher |
| 20:18 | Create | Skirmisher |
| 20:21 | Create | Villager (Male) |
| 20:29 | Build | Stone Wall |
| 20:38 | Create | Villager (Male) |
| 21:41 | Create | Villager (Male) |
| 21:59 | Create | Skirmisher |
| 21:59 | Create | Skirmisher |
| 22:00 | Create | Skirmisher |
| 22:01 | Create | Skirmisher |
| 22:01 | Create | Skirmisher |
| 22:02 | Create | Skirmisher |
| 22:02 | Create | Skirmisher |
| 22:10 | Build | Stone Wall |
| 22:47 | Build | Town Center |
| 22:53 | Research | Bow Saw |
| 23:02 | Create | Skirmisher |
| 23:02 | Create | Skirmisher |
| 23:03 | Create | Skirmisher |
| 23:04 | Create | Skirmisher |
| 23:04 | Create | Skirmisher |
| 23:16 | Create | Genoese Crossbowman |
| 23:16 | Create | Genoese Crossbowman |
| 23:16 | Create | Genoese Crossbowman |
| 23:52 | Create | Genoese Crossbowman |
| 23:55 | Create | Skirmisher |
| 23:56 | Create | Skirmisher |
| 24:52 | Create | Genoese Crossbowman |
| 24:59 | Build | Town Center |
| 25:03 | Create | Villager (Male) |
| 25:04 | Create | Villager (Male) |
| 25:04 | Create | Villager (Male) |
| 25:05 | Create | Villager (Male) |
| 25:09 | Research | Heavy Plow |
| 25:16 | Create | Petard |
| 25:17 | Create | Petard |
| 25:17 | Create | Petard |
| 25:17 | Create | Petard |
| 25:28 | Create | Villager (Male) |
| 25:41 | Build | Farm |
| 26:03 | Create | Petard |
| 26:04 | Create | Petard |
| 26:11 | Create | Villager (Male) |
| 26:12 | Create | Villager (Male) |
| 26:13 | Create | Villager (Male) |
| 26:16 | Create | Skirmisher |
| 26:17 | Create | Skirmisher |
| 26:23 | Research | Padded Archer Armor |
| 26:34 | Create | Petard |
| 26:39 | Create | Villager (Male) |
| 26:58 | Create | Villager (Male) |
| 27:03 | Build | Farm |
| 27:06 | Build | Farm |
| 27:16 | Build | Farm |
| 27:21 | Build | Farm |
| 27:24 | Build | Farm |
| 27:28 | Build | Farm |
| 27:32 | Create | Petard |
| 27:47 | Research | Elite Skirmisher (upgrade) |
| 28:26 | Create | Villager (Male) |
| 28:26 | Create | Villager (Male) |
| 28:29 | Create | Petard |
| 28:41 | Build | Farm |
Build order — NEGRONE2280
First 150 of 417 actions detected
| 0:07 | Build | House |
| 0:09 | Build | House |
| 0:11 | Build | House |
| 0:12 | Build | House |
| 0:40 | Create | Villager (Male) |
| 0:40 | Create | Villager (Male) |
| 0:41 | Create | Villager (Male) |
| 0:41 | Create | Villager (Male) |
| 0:41 | Create | Villager (Male) |
| 0:41 | Create | Villager (Male) |
| 0:41 | Create | Villager (Male) |
| 0:43 | Research | Loom |
| 2:39 | Create | Villager (Male) |
| 2:39 | Create | Villager (Male) |
| 2:39 | Create | Villager (Male) |
| 3:10 | Create | Villager (Male) |
| 3:10 | Create | Villager (Male) |
| 3:10 | Create | Villager (Male) |
| 3:11 | Create | Villager (Male) |
| 3:58 | Create | Villager (Male) |
| 3:58 | Create | Villager (Male) |
| 3:58 | Create | Villager (Male) |
| 4:01 | Research | Loom |
| 4:24 | Create | Villager (Male) |
| 4:25 | Create | Villager (Male) |
| 4:25 | Create | Villager (Male) |
| 4:25 | Create | Villager (Male) |
| 4:59 | Create | Villager (Male) |
| 4:59 | Create | Villager (Male) |
| 4:59 | Create | Villager (Male) |
| 5:00 | Create | Villager (Male) |
| 5:00 | Create | Villager (Male) |
| 5:00 | Create | Villager (Male) |
| 5:49 | Create | Villager (Male) |
| 5:49 | Create | Villager (Male) |
| 5:49 | Create | Villager (Male) |
| 5:49 | Create | Villager (Male) |
| 7:07 | Create | Villager (Male) |
| 7:07 | Create | Villager (Male) |
| 7:07 | Create | Villager (Male) |
| 7:07 | Create | Villager (Male) |
| 7:07 | Create | Villager (Male) |
| 8:50 | Build | Mill |
| 9:15 | Create | Villager (Male) |
| 9:15 | Create | Villager (Male) |
| 10:04 | Build | Lumber Camp |
| 10:48 | Research | Feudal Age |
| 10:59 | Build | Mill |
| 11:11 | Create | Villager (Male) |
| 11:12 | Create | Villager (Male) |
| 11:12 | Create | Villager (Male) |
| 11:12 | Create | Villager (Male) |
| 11:13 | Create | Villager (Male) |
| 11:13 | Create | Villager (Male) |
| 11:13 | Create | Villager (Male) |
| 11:13 | Create | Villager (Male) |
| 11:13 | Create | Villager (Male) |
| 11:13 | Create | Villager (Male) |
| 11:14 | Create | Villager (Male) |
| 11:32 | Build | House |
| 11:34 | Build | House |
| 11:36 | Build | House |
| 11:38 | Build | House |
| 11:46 | Build | House |
| 11:52 | Create | Villager (Male) |
| 11:52 | Create | Villager (Male) |
| 11:52 | Create | Villager (Male) |
| 11:53 | Create | Villager (Male) |
| 11:53 | Create | Villager (Male) |
| 11:53 | Create | Villager (Male) |
| 13:10 | Research | Wheelbarrow |
| 13:24 | Research | Double-Bit Axe |
| 13:48 | Build | Mining Camp |
| 14:11 | Build | Mining Camp |
| 14:14 | Build | Watch Tower |
| 14:18 | Create | Villager (Male) |
| 14:18 | Create | Villager (Male) |
| 14:19 | Create | Villager (Male) |
| 14:19 | Create | Villager (Male) |
| 14:19 | Create | Villager (Male) |
| 14:19 | Create | Villager (Male) |
| 15:12 | Research | Horse Collar |
| 15:15 | Create | Villager (Male) |
| 15:15 | Create | Villager (Male) |
| 15:15 | Create | Villager (Male) |
| 15:16 | Create | Villager (Male) |
| 15:16 | Create | Villager (Male) |
| 15:16 | Create | Villager (Male) |
| 15:34 | Build | Farm |
| 15:35 | Build | Farm |
| 15:38 | Build | Farm |
| 15:40 | Build | Farm |
| 15:52 | Build | Farm |
| 16:07 | Research | Town Watch |
| 16:15 | Build | Farm |
| 16:23 | Build | Farm |
| 16:33 | Build | Farm |
| 16:51 | Build | Farm |
| 17:16 | Build | Farm |
| 17:31 | Build | Barracks |
| 17:38 | Build | Farm |
| 17:49 | Research | Stone Mining |
| 18:04 | Build | Farm |
| 18:52 | Build | Stone Wall |
| 18:59 | Create | Spearman |
| 19:00 | Create | Spearman |
| 19:00 | Create | Spearman |
| 19:00 | Create | Spearman |
| 19:00 | Create | Militia |
| 19:00 | Create | Militia |
| 19:01 | Create | Militia |
| 19:44 | Build | Stone Wall |
| 20:02 | Build | Stone Wall |
| 20:11 | Build | Farm |
| 20:14 | Build | Farm |
| 20:27 | Build | Archery Range |
| 20:30 | Build | Stable |
| 20:42 | Build | Blacksmith |
| 20:46 | Build | Market |
| 20:56 | Build | House |
| 20:57 | Build | House |
| 20:59 | Build | House |
| 21:01 | Build | House |
| 21:03 | Build | House |
| 21:04 | Build | House |
| 21:06 | Build | House |
| 21:07 | Build | House |
| 21:54 | Build | Farm |
| 22:32 | Create | Trade Cart |
| 22:32 | Create | Trade Cart |
| 22:32 | Create | Trade Cart |
| 22:32 | Create | Trade Cart |
| 22:33 | Create | Trade Cart |
| 22:33 | Create | Trade Cart |
| 22:39 | Research | Castle Age |
| 22:47 | Build | Farm |
| 22:50 | Build | Farm |
| 23:10 | Research | Gold Mining |
| 23:21 | Build | Farm |
| 23:34 | Research | Forging |
| 23:36 | Research | Padded Archer Armor |
| 23:37 | Research | Fletching |
| 23:39 | Research | Scale Barding Armor |
| 23:41 | Research | Scale Mail Armor |
| 23:59 | Build | Gate |
| 24:56 | Research | Man-at-Arms (upgrade) |
| 25:02 | Build | House |
| 25:03 | Build | House |
| 25:05 | Build | House |
| 25:07 | Build | House |
Build order — Reywell10
First 150 of 175 actions detected
| 0:03 | Create | Villager (Male) |
| 0:03 | Create | Villager (Male) |
| 0:03 | Create | Villager (Male) |
| 0:03 | Create | Villager (Male) |
| 0:04 | Research | Loom |
| 0:09 | Build | House |
| 0:13 | Build | House |
| 0:19 | Build | House |
| 0:22 | Build | House |
| 1:51 | Create | Villager (Male) |
| 2:30 | Create | Villager (Male) |
| 2:31 | Create | Villager (Male) |
| 3:21 | Create | Villager (Male) |
| 3:21 | Create | Villager (Male) |
| 3:49 | Create | Villager (Male) |
| 3:49 | Create | Villager (Male) |
| 4:07 | Create | Villager (Male) |
| 4:07 | Create | Villager (Male) |
| 4:28 | Create | Villager (Male) |
| 4:29 | Create | Villager (Male) |
| 5:11 | Create | Villager (Male) |
| 5:12 | Create | Villager (Male) |
| 5:13 | Create | Villager (Male) |
| 5:13 | Create | Villager (Male) |
| 5:13 | Create | Villager (Male) |
| 6:03 | Create | Villager (Male) |
| 6:04 | Create | Villager (Male) |
| 6:47 | Create | Villager (Male) |
| 6:47 | Create | Villager (Male) |
| 6:48 | Create | Villager (Male) |
| 6:50 | Create | Villager (Male) |
| 7:00 | Build | House |
| 7:03 | Build | House |
| 8:04 | Build | House |
| 8:36 | Build | Mill |
| 9:38 | Build | Lumber Camp |
| 9:44 | Create | Villager (Male) |
| 9:44 | Create | Villager (Male) |
| 9:59 | Research | Feudal Age |
| 10:43 | Build | Mining Camp |
| 12:31 | Build | Market |
| 12:49 | Create | Villager (Male) |
| 12:50 | Create | Villager (Male) |
| 13:07 | Build | Blacksmith |
| 13:37 | Build | Farm |
| 13:39 | Build | Farm |
| 13:40 | Build | Farm |
| 13:45 | Build | Farm |
| 13:49 | Research | Castle Age |
| 15:14 | Build | Farm |
| 15:16 | Build | Farm |
| 15:20 | Build | Farm |
| 15:25 | Build | Farm |
| 17:07 | Build | Castle |
| 17:35 | Create | Villager (Male) |
| 17:36 | Research | Wheelbarrow |
| 17:44 | Research | Horse Collar |
| 18:26 | Create | Conquistador |
| 18:27 | Create | Conquistador |
| 18:27 | Create | Conquistador |
| 18:35 | Create | Villager (Male) |
| 18:46 | Build | Farm |
| 18:47 | Build | Farm |
| 18:50 | Build | Farm |
| 18:51 | Build | Farm |
| 18:52 | Build | Farm |
| 19:29 | Create | Conquistador |
| 20:20 | Create | Conquistador |
| 20:20 | Create | Conquistador |
| 22:09 | Create | Conquistador |
| 22:10 | Create | Conquistador |
| 22:10 | Create | Conquistador |
| 22:18 | Research | Heavy Plow |
| 22:28 | Build | Mining Camp |
| 23:26 | Build | Barracks |
| 25:04 | Build | Stable |
| 25:10 | Build | Stable |
| 25:58 | Research | Gold Mining |
| 26:03 | Research | Double-Bit Axe |
| 26:08 | Research | Hand Cart |
| 26:30 | Create | Conquistador |
| 26:30 | Create | Conquistador |
| 26:31 | Create | Conquistador |
| 26:31 | Create | Conquistador |
| 26:31 | Create | Conquistador |
| 26:32 | Create | Conquistador |
| 27:05 | Create | Villager (Male) |
| 27:06 | Create | Villager (Male) |
| 27:06 | Create | Villager (Male) |
| 27:06 | Create | Villager (Male) |
| 27:06 | Create | Villager (Male) |
| 27:07 | Create | Villager (Male) |
| 27:07 | Create | Villager (Male) |
| 27:07 | Create | Villager (Male) |
| 27:07 | Create | Villager (Male) |
| 27:08 | Create | Villager (Male) |
| 28:06 | Research | Light Cavalry (upgrade) |
| 28:24 | Create | Trade Cart |
| 28:24 | Create | Trade Cart |
| 28:26 | Create | Trade Cart |
| 28:55 | Build | Farm |
| 28:57 | Build | Farm |
| 28:59 | Build | Farm |
| 29:06 | Create | Scout Cavalry |
| 29:07 | Create | Scout Cavalry |
| 29:07 | Create | Scout Cavalry |
| 29:08 | Create | Scout Cavalry |
| 29:36 | Research | Husbandry |
| 30:33 | Create | Conquistador |
| 30:33 | Create | Conquistador |
| 30:34 | Create | Conquistador |
| 30:35 | Create | Conquistador |
| 32:27 | Create | Conquistador |
| 32:27 | Create | Conquistador |
| 32:28 | Create | Conquistador |
| 32:29 | Create | Conquistador |
| 32:30 | Create | Conquistador |
| 33:30 | Build | Farm |
| 33:31 | Build | Farm |
| 33:33 | Build | Farm |
| 33:35 | Build | Farm |
| 33:36 | Build | Farm |
| 33:47 | Research | Stone Mining |
| 33:57 | Build | Castle |
| 34:41 | Create | Villager (Male) |
| 34:41 | Create | Villager (Male) |
| 34:41 | Create | Villager (Male) |
| 34:42 | Create | Villager (Male) |
| 34:42 | Create | Villager (Male) |
| 34:42 | Create | Villager (Male) |
| 34:43 | Create | Villager (Male) |
| 36:32 | Create | Scout Cavalry |
| 36:33 | Create | Scout Cavalry |
| 36:33 | Create | Scout Cavalry |
| 36:33 | Create | Scout Cavalry |
| 36:33 | Create | Scout Cavalry |
| 36:34 | Create | Scout Cavalry |
| 36:34 | Create | Scout Cavalry |
| 36:35 | Create | Scout Cavalry |
| 36:35 | Create | Scout Cavalry |
| 36:36 | Create | Scout Cavalry |
| 37:31 | Build | Monastery |
| 37:40 | Build | Monastery |
| 38:17 | Research | Imperial Age |
| 38:43 | Build | Castle |
| 39:12 | Build | Mining Camp |
| 39:18 | Create | Missionary |
| 39:19 | Create | Missionary |
| 40:06 | Create | Missionary |
| 42:05 | Build | House |
Build order — ColeEcoBOOM
First 150 of 362 actions detected
| 0:02 | Create | Villager (Male) |
| 0:02 | Create | Villager (Male) |
| 0:03 | Build | House |
| 0:04 | Build | House |
| 0:16 | Create | Villager (Male) |
| 0:16 | Create | Villager (Male) |
| 0:17 | Create | Villager (Male) |
| 0:17 | Create | Villager (Male) |
| 1:58 | Create | Villager (Male) |
| 2:11 | Create | Villager (Male) |
| 2:27 | Create | Villager (Male) |
| 2:55 | Create | Villager (Male) |
| 2:58 | Create | Villager (Male) |
| 3:18 | Create | Villager (Male) |
| 3:24 | Research | Loom |
| 3:38 | Build | House |
| 3:40 | Build | House |
| 3:41 | Build | House |
| 3:42 | Build | House |
| 3:43 | Build | House |
| 3:44 | Build | House |
| 3:52 | Create | Villager (Male) |
| 3:53 | Create | Villager (Male) |
| 3:56 | Create | Villager (Male) |
| 3:58 | Create | Villager (Male) |
| 4:07 | Build | Palisade Wall |
| 4:11 | Build | Palisade Gate |
| 5:04 | Build | House |
| 5:09 | Create | Villager (Male) |
| 5:11 | Create | Villager (Male) |
| 5:11 | Create | Villager (Male) |
| 5:12 | Create | Villager (Male) |
| 5:17 | Create | Villager (Male) |
| 5:18 | Create | Villager (Male) |
| 5:38 | Create | Villager (Male) |
| 5:39 | Create | Villager (Male) |
| 5:40 | Create | Villager (Male) |
| 5:41 | Create | Villager (Male) |
| 6:05 | Create | Villager (Male) |
| 6:06 | Create | Villager (Male) |
| 6:08 | Create | Villager (Male) |
| 6:09 | Create | Villager (Male) |
| 6:53 | Create | Villager (Male) |
| 6:59 | Build | House |
| 7:00 | Build | House |
| 7:02 | Build | House |
| 7:17 | Create | Villager (Male) |
| 7:37 | Create | Villager (Male) |
| 8:03 | Build | Mill |
| 8:10 | Create | Villager (Male) |
| 8:36 | Create | Villager (Male) |
| 8:40 | Create | Villager (Male) |
| 8:40 | Create | Villager (Male) |
| 8:41 | Create | Villager (Male) |
| 8:41 | Create | Villager (Male) |
| 8:41 | Create | Villager (Male) |
| 9:23 | Build | House |
| 9:24 | Build | House |
| 9:25 | Build | House |
| 9:27 | Build | House |
| 9:28 | Build | House |
| 9:29 | Build | House |
| 9:31 | Build | House |
| 9:32 | Build | House |
| 9:39 | Build | Palisade Gate |
| 9:42 | Build | House |
| 9:44 | Build | House |
| 10:31 | Create | Villager (Male) |
| 11:01 | Build | Lumber Camp |
| 11:05 | Create | Villager (Male) |
| 11:07 | Create | Villager (Male) |
| 11:22 | Create | Villager (Male) |
| 11:27 | Create | Villager (Male) |
| 11:27 | Create | Villager (Male) |
| 11:28 | Create | Villager (Male) |
| 11:29 | Research | Feudal Age |
| 12:16 | Build | Mill |
| 12:25 | Build | Mill |
| 12:57 | Build | Mill |
| 13:06 | Build | Mill |
| 13:55 | Build | Farm |
| 13:57 | Build | Farm |
| 13:58 | Build | Farm |
| 14:05 | Build | Farm |
| 14:12 | Build | House |
| 14:19 | Build | House |
| 14:24 | Build | House |
| 14:28 | Build | House |
| 14:31 | Create | Villager (Male) |
| 14:31 | Create | Villager (Male) |
| 14:31 | Create | Villager (Male) |
| 14:32 | Create | Villager (Male) |
| 14:33 | Create | Villager (Male) |
| 14:33 | Create | Villager (Male) |
| 14:34 | Create | Villager (Male) |
| 15:15 | Research | Horse Collar |
| 15:25 | Research | Double-Bit Axe |
| 15:44 | Build | Market |
| 16:10 | Build | Market |
| 16:11 | Build | Market |
| 16:12 | Build | Market |
| 16:13 | Build | Market |
| 16:14 | Build | Market |
| 16:31 | Build | Mining Camp |
| 16:53 | Build | Mining Camp |
| 17:02 | Build | Farm |
| 17:20 | Build | Farm |
| 17:27 | Build | Farm |
| 17:46 | Create | Villager (Male) |
| 17:50 | Create | Villager (Male) |
| 17:51 | Create | Villager (Male) |
| 17:51 | Create | Villager (Male) |
| 17:51 | Create | Villager (Male) |
| 17:52 | Create | Villager (Male) |
| 17:52 | Create | Villager (Male) |
| 17:53 | Create | Villager (Male) |
| 17:56 | Research | Wheelbarrow |
| 17:56 | Research | Town Watch |
| 18:07 | Build | Blacksmith |
| 18:31 | Build | Blacksmith |
| 18:41 | Build | Farm |
| 19:16 | Build | Market |
| 19:21 | Build | Farm |
| 19:36 | Build | Farm |
| 19:54 | Build | House |
| 19:56 | Build | House |
| 19:57 | Build | House |
| 19:58 | Build | House |
| 19:59 | Build | House |
| 20:01 | Build | House |
| 20:21 | Build | Mining Camp |
| 20:52 | Build | Barracks |
| 20:58 | Build | Farm |
| 21:23 | Build | Mill |
| 21:31 | Build | Farm |
| 22:04 | Build | Farm |
| 22:14 | Build | Mining Camp |
| 22:29 | Research | Castle Age |
| 23:05 | Build | House |
| 23:08 | Build | Palisade Gate |
| 23:10 | Build | House |
| 23:10 | Build | House |
| 23:11 | Build | House |
| 23:12 | Build | House |
| 23:15 | Build | House |
| 23:16 | Build | House |
| 23:18 | Build | House |
| 23:20 | Build | House |
| 23:21 | Build | House |
| 23:22 | Build | House |
Build order — Option E1754
First 150 of 548 actions detected
| 0:04 | Create | Villager (Male) ×4 |
| 0:08 | Build | House |
| 0:12 | Build | House |
| 1:41 | Create | Villager (Male) |
| 1:41 | Create | Villager (Male) |
| 2:32 | Build | Lumber Camp |
| 3:06 | Create | Villager (Male) |
| 3:06 | Create | Villager (Male) |
| 3:07 | Create | Villager (Male) |
| 3:51 | Create | Villager (Male) |
| 3:51 | Create | Villager (Male) |
| 3:52 | Create | Villager (Male) |
| 4:31 | Create | Villager (Male) |
| 4:32 | Create | Villager (Male) |
| 4:32 | Create | Villager (Male) |
| 4:56 | Create | Villager (Male) |
| 4:56 | Create | Villager (Male) |
| 5:06 | Build | House |
| 5:35 | Build | Lumber Camp |
| 5:54 | Build | Mining Camp |
| 6:08 | Create | Villager (Male) |
| 6:08 | Create | Villager (Male) |
| 6:08 | Create | Villager (Male) |
| 6:59 | Create | Villager (Male) |
| 6:59 | Create | Villager (Male) |
| 7:22 | Build | Mill |
| 7:48 | Create | Villager (Male) |
| 7:48 | Create | Villager (Male) |
| 7:55 | Build | House |
| 8:21 | Create | Villager (Male) |
| 8:21 | Create | Villager (Male) |
| 8:21 | Create | Villager (Male) |
| 8:22 | Create | Villager (Male) |
| 8:22 | Create | Villager (Male) |
| 8:27 | Build | House |
| 9:02 | Build | House |
| 9:05 | Build | House |
| 9:59 | Create | Villager (Male) |
| 10:21 | Research | Feudal Age |
| 12:25 | Create | Villager (Male) |
| 12:26 | Create | Villager (Male) |
| 12:26 | Create | Villager (Male) |
| 12:26 | Create | Villager (Male) |
| 13:08 | Create | Villager (Male) |
| 13:30 | Build | Market |
| 13:44 | Build | Barracks |
| 13:49 | Create | Villager (Male) |
| 13:49 | Create | Villager (Male) |
| 13:50 | Create | Villager (Male) |
| 15:27 | Build | Stable |
| 15:32 | Create | Villager (Male) |
| 15:33 | Create | Villager (Male) |
| 15:33 | Create | Villager (Male) |
| 15:35 | Create | Villager (Male) |
| 15:39 | Build | House |
| 15:58 | Build | Farm |
| 15:58 | Build | Farm |
| 15:58 | Build | Farm |
| 15:58 | Build | Farm |
| 16:00 | Build | Farm |
| 16:00 | Build | Farm |
| 16:00 | Build | Farm |
| 16:00 | Build | Farm |
| 16:00 | Build | Farm |
| 16:00 | Build | Farm |
| 16:00 | Build | Farm |
| 16:00 | Build | Farm |
| 16:00 | Build | Farm |
| 16:00 | Build | Farm |
| 16:00 | Build | Farm |
| 16:00 | Build | Farm |
| 16:00 | Build | Farm |
| 16:00 | Build | Farm |
| 16:00 | Build | Farm |
| 16:00 | Build | Farm |
| 16:00 | Build | Farm |
| 16:00 | Build | Farm |
| 16:00 | Build | Farm |
| 16:00 | Build | Farm |
| 16:00 | Build | Farm |
| 16:00 | Build | Farm |
| 16:00 | Build | Farm |
| 16:00 | Build | Farm |
| 16:00 | Build | Farm |
| 16:00 | Build | Farm |
| 16:00 | Build | Farm |
| 16:01 | Build | Farm |
| 16:01 | Build | Farm |
| 16:01 | Build | Farm |
| 16:10 | Build | Farm |
| 16:10 | Build | Farm |
| 16:10 | Build | Farm |
| 16:10 | Build | Farm |
| 16:10 | Build | Farm |
| 16:10 | Build | Farm |
| 16:10 | Build | Farm |
| 16:10 | Build | Farm |
| 16:10 | Build | Farm |
| 16:10 | Build | Farm |
| 16:10 | Build | Farm |
| 16:10 | Build | Farm |
| 16:30 | Build | Farm |
| 16:30 | Build | Farm |
| 16:30 | Build | Farm |
| 16:30 | Build | Farm |
| 16:30 | Build | Farm |
| 16:30 | Build | Farm |
| 16:30 | Build | Farm |
| 16:30 | Build | Farm |
| 16:30 | Build | Farm |
| 16:30 | Build | Farm |
| 16:30 | Build | Farm |
| 16:30 | Build | Farm |
| 16:30 | Build | Farm |
| 16:30 | Build | Farm |
| 16:46 | Build | Farm |
| 16:46 | Build | Farm |
| 16:46 | Build | Farm |
| 16:46 | Build | Farm |
| 16:46 | Build | Farm |
| 16:46 | Build | Farm |
| 16:46 | Build | Farm |
| 16:46 | Build | Farm |
| 16:46 | Build | Farm |
| 16:46 | Build | Farm |
| 16:46 | Build | Farm |
| 16:46 | Build | Farm |
| 17:00 | Create | Villager (Male) |
| 17:13 | Build | Farm |
| 17:13 | Build | Farm |
| 17:13 | Build | Farm |
| 17:13 | Build | Farm |
| 17:13 | Build | Farm |
| 17:13 | Build | Farm |
| 17:13 | Build | Farm |
| 17:13 | Build | Farm |
| 17:13 | Build | Farm |
| 17:38 | Build | Farm |
| 17:38 | Build | Farm |
| 17:38 | Build | Farm |
| 17:38 | Build | Farm |
| 17:38 | Build | Farm |
| 17:38 | Build | Farm |
| 17:38 | Build | Farm |
| 17:39 | Create | Villager (Male) |
| 17:39 | Create | Villager (Male) |
| 17:40 | Create | Villager (Male) |
| 17:58 | Build | House |
| 18:02 | Build | House |
| 18:04 | Build | Farm |
Build order — EL THANOS
First 150 of 366 actions detected
| 0:12 | Build | House |
| 0:14 | Create | Villager (Male) |
| 0:15 | Research | Loom |
| 0:15 | Create | Villager (Male) |
| 0:15 | Create | Villager (Male) |
| 0:21 | Create | Villager (Male) |
| 0:21 | Create | Villager (Male) |
| 0:21 | Create | Villager (Male) |
| 0:27 | Build | House |
| 0:29 | Build | House |
| 0:30 | Build | House |
| 1:10 | Build | Lumber Camp |
| 1:40 | Create | Villager (Male) |
| 2:26 | Create | Villager (Male) |
| 2:27 | Create | Villager (Male) |
| 2:41 | Create | Villager (Male) |
| 2:41 | Create | Villager (Male) |
| 3:16 | Create | Villager (Male) |
| 3:16 | Create | Villager (Male) |
| 3:44 | Create | Villager (Male) |
| 3:44 | Create | Villager (Male) |
| 4:11 | Create | Villager (Male) |
| 4:11 | Create | Villager (Male) |
| 4:50 | Create | Villager (Male) |
| 4:50 | Create | Villager (Male) |
| 5:34 | Create | Villager (Male) |
| 5:35 | Create | Villager (Male) |
| 5:35 | Create | Villager (Male) |
| 5:46 | Build | Mill |
| 5:50 | Create | Villager (Male) |
| 6:26 | Create | Villager (Male) |
| 6:26 | Create | Villager (Male) |
| 6:49 | Create | Villager (Male) |
| 6:50 | Create | Villager (Male) |
| 7:02 | Build | Mining Camp |
| 7:05 | Create | Villager (Male) |
| 7:18 | Create | Villager (Male) |
| 7:19 | Create | Villager (Male) |
| 7:55 | Create | Villager (Male) |
| 8:49 | Create | Villager (Male) |
| 9:36 | Create | Villager (Male) |
| 10:00 | Build | Mill |
| 10:03 | Research | Feudal Age |
| 10:09 | Build | House |
| 10:11 | Build | House |
| 10:13 | Build | House |
| 10:16 | Build | House |
| 10:17 | Build | House |
| 10:19 | Build | House |
| 10:57 | Create | Villager (Male) |
| 10:58 | Create | Villager (Male) |
| 11:03 | Create | Villager (Male) |
| 11:15 | Build | Farm |
| 11:17 | Build | Farm |
| 11:18 | Build | Farm |
| 12:04 | Create | Villager (Male) |
| 12:13 | Age | Feudal Age |
| 12:25 | Research | Double-Bit Axe |
| 12:48 | Build | Market |
| 12:52 | Build | Blacksmith |
| 12:59 | Build | Mining Camp |
| 13:11 | Create | Villager (Male) |
| 13:11 | Create | Villager (Male) |
| 13:58 | Build | House |
| 13:59 | Build | House |
| 14:04 | Create | Villager (Male) |
| 14:52 | Create | Villager (Male) |
| 15:22 | Build | Mill |
| 15:34 | Create | Villager (Male) |
| 16:10 | Create | Villager (Male) |
| 16:43 | Research | Castle Age |
| 16:44 | Research | Castle Age |
| 18:26 | Build | House |
| 18:28 | Build | House |
| 18:37 | Create | Trade Cart |
| 18:44 | Create | Villager (Male) |
| 18:44 | Create | Villager (Male) |
| 18:48 | Create | Villager (Male) |
| 19:00 | Build | Farm |
| 19:01 | Build | Farm |
| 19:03 | Build | Farm |
| 19:04 | Build | Farm |
| 19:07 | Build | Farm |
| 19:08 | Build | Farm |
| 19:10 | Build | Farm |
| 19:12 | Build | Farm |
| 19:13 | Build | Farm |
| 19:14 | Build | Farm |
| 19:17 | Build | Farm |
| 19:18 | Build | Farm |
| 19:23 | Age | Castle Age |
| 19:33 | Build | Town Center |
| 19:37 | Build | Town Center |
| 19:46 | Build | House |
| 19:58 | Research | Bow Saw |
| 20:02 | Research | Horse Collar |
| 20:07 | Create | Villager (Male) |
| 20:46 | Create | Villager (Male) |
| 21:04 | Create | Villager (Male) |
| 21:05 | Create | Villager (Male) |
| 21:11 | Create | Villager (Male) |
| 21:21 | Create | Villager (Male) |
| 21:24 | Create | Villager (Male) |
| 22:00 | Build | Castle |
| 22:09 | Create | Villager (Male) |
| 22:11 | Create | Villager (Male) |
| 22:25 | Create | Villager (Male) |
| 22:39 | Research | Heavy Plow |
| 23:04 | Build | Farm |
| 23:07 | Create | Villager (Male) |
| 23:11 | Create | Villager (Male) |
| 23:25 | Create | Trade Cart |
| 23:25 | Create | Trade Cart |
| 23:38 | Create | Villager (Male) |
| 23:39 | Create | Villager (Male) |
| 23:43 | Build | Farm |
| 24:06 | Create | Villager (Male) |
| 24:18 | Build | Farm |
| 24:27 | Build | Siege Workshop |
| 24:31 | Build | Siege Workshop |
| 24:36 | Build | Siege Workshop |
| 24:53 | Create | Villager (Male) |
| 24:56 | Create | Villager (Male) |
| 24:56 | Create | Villager (Male) |
| 24:59 | Create | Villager (Male) |
| 25:03 | Create | Trade Cart |
| 25:04 | Create | Trade Cart |
| 25:35 | Create | Villager (Male) |
| 25:37 | Create | Villager (Male) |
| 25:40 | Create | Villager (Male) |
| 25:41 | Create | Villager (Male) |
| 25:46 | Build | Farm |
| 25:50 | Create | Villager (Male) |
| 25:53 | Create | Villager (Male) |
| 25:57 | Create | Villager (Male) |
| 26:20 | Build | Farm |
| 26:23 | Create | Villager (Male) |
| 26:26 | Create | Villager (Male) |
| 26:26 | Create | Villager (Male) |
| 26:29 | Create | Villager (Male) |
| 26:35 | Build | Farm |
| 26:57 | Build | House |
| 26:59 | Build | House |
| 27:00 | Build | House |
| 27:03 | Build | House |
| 27:06 | Build | House |
| 27:08 | Build | House |
| 27:11 | Create | Villager (Male) |
| 27:12 | Create | Villager (Male) |
| 27:14 | Create | Villager (Male) |
Build order — psnb694238
First 150 of 413 actions detected
| 0:07 | Research | Loom |
| 0:15 | Build | House |
| 0:20 | Build | House |
| 0:21 | Build | House |
| 0:29 | Build | House |
| 0:33 | Create | Villager (Male) ×4 |
| 0:33 | Create | Villager (Male) ×4 |
| 2:15 | Create | Villager (Male) |
| 2:15 | Create | Villager (Male) |
| 2:15 | Create | Villager (Male) |
| 2:54 | Create | Villager (Male) |
| 2:54 | Create | Villager (Male) |
| 2:54 | Create | Villager (Male) |
| 2:59 | Create | Villager (Male) |
| 3:00 | Create | Villager (Male) |
| 3:38 | Create | Villager (Male) |
| 3:39 | Create | Villager (Male) |
| 3:39 | Create | Villager (Male) |
| 4:02 | Create | Villager (Male) |
| 4:03 | Create | Villager (Male) |
| 4:03 | Create | Villager (Male) |
| 4:03 | Create | Villager (Male) |
| 4:04 | Create | Villager (Male) |
| 4:04 | Create | Villager (Male) |
| 4:28 | Create | Villager (Male) |
| 4:28 | Create | Villager (Male) |
| 4:28 | Create | Villager (Male) |
| 5:26 | Create | Villager (Male) |
| 5:26 | Create | Villager (Male) |
| 5:27 | Create | Villager (Male) |
| 5:27 | Create | Villager (Male) |
| 5:27 | Create | Villager (Male) |
| 5:28 | Create | Villager (Male) |
| 5:42 | Create | Villager (Male) |
| 5:42 | Create | Villager (Male) |
| 5:42 | Create | Villager (Male) |
| 6:08 | Build | House |
| 6:09 | Build | House |
| 6:10 | Build | House |
| 6:41 | Build | Mill |
| 6:47 | Create | Villager (Male) |
| 6:47 | Create | Villager (Male) |
| 6:48 | Create | Villager (Male) |
| 6:48 | Create | Villager (Male) |
| 7:36 | Create | Villager (Male) |
| 7:36 | Create | Villager (Male) |
| 7:36 | Create | Villager (Male) |
| 7:36 | Create | Villager (Male) |
| 7:54 | Build | House |
| 8:21 | Create | Villager (Male) |
| 8:22 | Create | Villager (Male) |
| 8:22 | Create | Villager (Male) |
| 8:22 | Create | Villager (Male) |
| 8:32 | Build | Mill |
| 8:55 | Create | Villager (Male) |
| 8:56 | Create | Villager (Male) |
| 9:22 | Create | Villager (Male) |
| 9:22 | Create | Villager (Male) |
| 9:22 | Create | Villager (Male) |
| 9:41 | Build | Lumber Camp |
| 10:08 | Build | Lumber Camp |
| 11:12 | Research | Feudal Age |
| 12:08 | Build | House |
| 12:09 | Build | House |
| 12:11 | Build | House |
| 13:22 | Build | Mining Camp |
| 13:32 | Build | House |
| 14:02 | Build | Mining Camp |
| 14:16 | Age | Feudal Age |
| 14:18 | Research | Wheelbarrow |
| 14:24 | Research | Double-Bit Axe |
| 14:31 | Create | Villager (Male) |
| 14:31 | Create | Villager (Male) |
| 14:31 | Create | Villager (Male) |
| 14:32 | Create | Villager (Male) |
| 14:32 | Create | Villager (Male) |
| 14:32 | Create | Villager (Male) |
| 14:33 | Create | Villager (Male) |
| 14:44 | Build | Farm |
| 14:46 | Build | Farm |
| 14:49 | Build | Farm |
| 15:06 | Build | House |
| 15:08 | Build | House |
| 15:10 | Build | House |
| 15:52 | Build | Farm |
| 15:54 | Build | Farm |
| 15:56 | Build | Farm |
| 15:57 | Build | Farm |
| 15:59 | Build | Farm |
| 16:12 | Build | Barracks |
| 16:18 | Build | Barracks |
| 16:57 | Build | Market |
| 17:19 | Build | Farm |
| 17:20 | Build | Farm |
| 17:22 | Build | Farm |
| 17:24 | Build | Farm |
| 18:08 | Build | Stable |
| 18:37 | Create | Villager (Male) |
| 18:37 | Create | Villager (Male) |
| 18:37 | Create | Villager (Male) |
| 18:50 | Build | Farm |
| 18:53 | Build | Farm |
| 18:54 | Build | Farm |
| 18:56 | Build | Farm |
| 19:11 | Build | Blacksmith |
| 19:34 | Build | Stable |
| 19:44 | Create | Villager (Male) |
| 19:44 | Create | Villager (Male) |
| 20:11 | Research | Castle Age |
| 20:21 | Build | House |
| 20:22 | Build | House |
| 20:24 | Build | House |
| 20:25 | Build | House |
| 20:27 | Build | House |
| 20:37 | Build | Archery Range |
| 20:43 | Build | Archery Range |
| 20:50 | Research | Gold Mining |
| 20:51 | Research | Stone Mining |
| 21:02 | Research | Scale Mail Armor |
| 21:03 | Research | Scale Barding Armor |
| 21:07 | Research | Fletching |
| 21:33 | Create | Trade Cart |
| 21:33 | Create | Trade Cart |
| 21:33 | Create | Trade Cart |
| 22:50 | Research | Forging |
| 23:15 | Build | Lumber Camp |
| 23:22 | Age | Castle Age |
| 23:26 | Build | Lumber Camp |
| 23:30 | Research | Hand Cart |
| 23:36 | Research | Bow Saw |
| 23:53 | Build | University |
| 24:01 | Create | Villager (Male) |
| 24:01 | Create | Villager (Male) |
| 24:02 | Create | Villager (Male) |
| 24:02 | Create | Villager (Male) |
| 24:02 | Create | Villager (Male) |
| 24:02 | Create | Villager (Male) |
| 24:03 | Create | Villager (Male) |
| 24:24 | Create | Villager (Male) |
| 24:24 | Create | Villager (Male) |
| 24:25 | Create | Villager (Male) |
| 24:25 | Create | Villager (Male) |
| 24:25 | Create | Villager (Male) |
| 24:26 | Create | Villager (Male) |
| 24:54 | Build | Town Center |
| 25:01 | Create | Villager (Male) |
| 25:01 | Create | Villager (Male) |
| 25:01 | Create | Villager (Male) |
| 25:02 | Create | Villager (Male) |
| 25:20 | Build | Town Center |
Build order — DOLAR2305
First 150 of 289 actions detected
| 0:05 | Build | House |
| 0:09 | Build | House |
| 0:10 | Build | House |
| 0:11 | Build | House |
| 0:15 | Build | House |
| 0:16 | Build | House |
| 0:25 | Create | Villager (Male) |
| 0:27 | Create | Villager (Male) ×4 |
| 0:27 | Create | Villager (Male) |
| 1:51 | Create | Villager (Male) |
| 1:54 | Research | Loom |
| 2:16 | Create | Villager (Male) |
| 2:41 | Build | Lumber Camp |
| 3:10 | Create | Villager (Male) ×2 |
| 3:43 | Create | Villager (Male) |
| 4:14 | Create | Villager (Male) |
| 4:46 | Create | Villager (Male) |
| 5:10 | Create | Villager (Male) |
| 5:43 | Create | Villager (Male) |
| 5:43 | Create | Villager (Male) |
| 5:49 | Build | Mill |
| 6:02 | Create | Villager (Male) |
| 6:37 | Create | Villager (Male) |
| 6:38 | Create | Villager (Male) |
| 7:01 | Build | Mining Camp |
| 7:14 | Create | Villager (Male) |
| 7:15 | Create | Villager (Male) |
| 7:15 | Create | Villager (Male) |
| 7:57 | Create | Villager (Male) |
| 7:58 | Create | Villager (Male) |
| 8:30 | Create | Villager (Male) |
| 8:30 | Create | Villager (Male) |
| 8:54 | Create | Villager (Male) ×5 |
| 9:12 | Create | Villager (Male) |
| 9:44 | Create | Villager (Male) |
| 10:04 | Create | Villager (Male) ×2 |
| 10:14 | Build | Mill |
| 11:17 | Build | Mining Camp |
| 12:02 | Research | Feudal Age |
| 13:05 | Build | House |
| 13:06 | Build | House |
| 13:12 | Build | Barracks |
| 13:36 | Build | Farm |
| 13:37 | Build | Farm |
| 13:38 | Build | Farm |
| 13:40 | Build | Farm |
| 13:42 | Build | Farm |
| 13:44 | Build | Farm |
| 13:49 | Build | Farm |
| 14:05 | Build | Farm |
| 14:09 | Build | Farm |
| 14:15 | Build | Farm |
| 14:19 | Build | Farm |
| 14:37 | Research | Wheelbarrow |
| 14:42 | Research | Double-Bit Axe |
| 14:46 | Research | Gold Mining |
| 14:50 | Research | Stone Mining |
| 14:54 | Research | Horse Collar |
| 14:59 | Create | Villager (Male) ×3 |
| 15:08 | Build | Farm |
| 15:13 | Build | Farm |
| 15:37 | Build | Farm |
| 15:42 | Build | Farm |
| 16:00 | Build | Farm |
| 16:01 | Build | Farm |
| 16:12 | Build | Farm |
| 16:52 | Create | Villager (Male) |
| 17:09 | Build | Blacksmith |
| 17:14 | Create | Villager (Male) |
| 17:15 | Create | Villager (Male) |
| 17:56 | Create | Villager (Male) |
| 18:29 | Build | Stable |
| 18:39 | Build | Gate |
| 19:11 | Build | Mill |
| 19:14 | Build | Farm |
| 19:17 | Build | Farm |
| 19:19 | Build | Farm |
| 19:22 | Create | Villager (Male) |
| 19:22 | Create | Villager (Male) |
| 19:23 | Create | Villager (Male) |
| 19:27 | Research | Castle Age |
| 23:08 | Build | Castle |
| 23:21 | Research | Hand Cart |
| 23:28 | Build | Town Center |
| 23:33 | Build | Town Center |
| 23:44 | Research | Bow Saw |
| 23:49 | Research | Gold Shaft Mining |
| 23:51 | Research | Stone Shaft Mining |
| 23:55 | Research | Heavy Plow |
| 24:22 | Create | Villager (Male) ×15 |
| 24:23 | Create | Villager (Male) |
| 24:45 | Create | Villager (Male) |
| 24:50 | Build | Farm |
| 24:51 | Build | Farm |
| 24:52 | Build | Farm |
| 24:55 | Build | Farm |
| 24:56 | Build | Farm |
| 24:57 | Build | Farm |
| 24:58 | Build | Farm |
| 25:15 | Build | Mining Camp |
| 25:25 | Build | Mining Camp |
| 25:41 | Build | Farm |
| 25:41 | Build | Farm |
| 25:42 | Build | Farm |
| 25:42 | Build | Farm |
| 25:42 | Build | Farm |
| 25:53 | Build | Farm |
| 25:53 | Build | Farm |
| 25:54 | Build | Farm |
| 25:55 | Build | Farm |
| 26:01 | Create | Villager (Male) ×7 |
| 26:32 | Build | Mining Camp |
| 26:39 | Create | War Elephant ×2 |
| 26:50 | Create | Villager (Male) ×3 |
| 27:07 | Build | Market |
| 27:22 | Build | Lumber Camp |
| 27:30 | Create | Villager (Male) ×9 |
| 27:30 | Create | Villager (Male) |
| 28:14 | Build | Monastery |
| 28:30 | Build | House |
| 28:32 | Build | House |
| 28:32 | Build | House |
| 28:33 | Build | House |
| 28:34 | Build | House |
| 28:34 | Build | House |
| 28:35 | Build | House |
| 28:36 | Build | House |
| 28:36 | Build | House |
| 28:37 | Build | House |
| 28:37 | Build | House |
| 28:56 | Create | War Elephant ×5 |
| 29:04 | Research | Fervor |
| 29:04 | Create | Monk |
| 29:04 | Create | Monk |
| 29:05 | Create | Monk |
| 29:05 | Create | Monk |
| 29:40 | Build | House |
| 29:42 | Build | House |
| 29:43 | Build | House |
| 29:45 | Build | House |
| 29:48 | Build | House |
| 29:50 | Build | House |
| 29:52 | Build | House |
| 29:56 | Build | House |
| 29:58 | Build | House |
| 30:11 | Create | Villager (Male) ×15 |
| 30:12 | Create | Villager (Male) |
| 30:14 | Research | Imperial Age |
| 30:20 | Create | Villager (Male) ×2 |
| 30:32 | Build | Castle |
Match timeline
| 4:07 | ColeEcoBOOM · wall_segment Palisade Wall x1 |
| 7:40 | RudiKillerD · first_building Barracks |
| 9:33 | RudiKillerD · age_up feudal |
| 12:13 | EL THANOS · age_up feudal |
| 13:12 | DOLAR2305 · first_building Barracks |
| 13:44 | Option E1754 · first_building Barracks |
| 14:16 | psnb694238 · age_up feudal |
| 15:27 | Option E1754 · first_building Stable |
| 16:12 | psnb694238 · first_building Barracks |
| 17:07 | Reywell10 · first_building Castle |
| 17:31 | NEGRONE2280 · first_building Barracks |
| 18:08 | psnb694238 · first_building Stable |
| 18:21 | RudiKillerD · first_building Archery Range |
| 18:29 | DOLAR2305 · first_building Stable |
| 18:45 | RudiKillerD · wall_segment Stone Wall x2 |
| 18:52 | NEGRONE2280 · wall_segment Stone Wall x34 |
| 19:00 | RudiKillerD · wall_segment Stone Wall x1 |
| 19:18 | RudiKillerD · age_up castle |
| 19:23 | EL THANOS · age_up castle |
| 19:44 | NEGRONE2280 · wall_segment Stone Wall x6 |
| 19:54 | RudiKillerD · first_market_buy 100 stone |
| 20:01 | RudiKillerD · first_building Castle |
| 20:02 | NEGRONE2280 · wall_segment Stone Wall x2 |
| 20:27 | NEGRONE2280 · first_building Archery Range |
| 20:29 | RudiKillerD · wall_segment Stone Wall x3 |
| 20:30 | NEGRONE2280 · first_building Stable |
| 20:37 | psnb694238 · first_building Archery Range |
| 20:45 | Option E1754 · first_market_buy 100 food |
| 20:52 | ColeEcoBOOM · first_building Barracks |
| 21:55 | ColeEcoBOOM · tribute_sent a jugador 1 |
| 21:55 | ColeEcoBOOM · tribute_sent a jugador 2 |
| 21:55 | ColeEcoBOOM · tribute_sent a jugador 4 |
| 21:55 | ColeEcoBOOM · tribute_sent a jugador 5 |
| 21:55 | ColeEcoBOOM · tribute_sent a jugador 6 |
| 21:55 | ColeEcoBOOM · tribute_sent a jugador 7 |
| 21:55 | ColeEcoBOOM · tribute_sent a jugador 8 |
| 22:00 | EL THANOS · first_building Castle |
| 22:10 | RudiKillerD · wall_segment Stone Wall x3 |
| 22:21 | ColeEcoBOOM · first_market_buy 100 food |
| 22:25 | ColeEcoBOOM · first_market_sell 100 wood |
| 22:26 | Option E1754 · first_building Archery Range |
| 23:08 | DOLAR2305 · first_building Castle |
| 23:22 | psnb694238 · age_up castle |
| 23:26 | Reywell10 · first_building Barracks |
| 24:27 | EL THANOS · first_building Siege Workshop |
| 24:32 | Option E1754 · first_building Castle |
| 24:54 | Option E1754 · first_building Monastery |
| 25:04 | Reywell10 · first_building Stable |
| 25:42 | psnb694238 · first_building Castle |
| 27:30 | ColeEcoBOOM · first_building Monastery |
| 27:35 | psnb694238 · first_building Siege Workshop |
| 28:14 | DOLAR2305 · first_building Monastery |
| 30:36 | NEGRONE2280 · first_building Monastery |
| 30:48 | psnb694238 · wall_segment Stone Wall x1 |
| 30:49 | psnb694238 · wall_segment Stone Wall x1 |
| 30:50 | psnb694238 · wall_segment Stone Wall x1 |
| 30:52 | psnb694238 · wall_segment Stone Wall x1 |
| 30:53 | psnb694238 · wall_segment Stone Wall x1 |
| 30:54 | psnb694238 · wall_segment Stone Wall x1 |
| 30:55 | psnb694238 · wall_segment Stone Wall x2 |
| 30:56 | psnb694238 · wall_segment Stone Wall x2 |
| 30:56 | psnb694238 · wall_segment Stone Wall x1 |
| 30:57 | psnb694238 · wall_segment Stone Wall x2 |
| 30:57 | psnb694238 · wall_segment Stone Wall x1 |
| 30:58 | psnb694238 · wall_segment Stone Wall x1 |
| 30:58 | psnb694238 · wall_segment Stone Wall x1 |
| 30:58 | psnb694238 · wall_segment Stone Wall x1 |
| 30:58 | psnb694238 · wall_segment Stone Wall x1 |
| 31:22 | ColeEcoBOOM · first_building Castle |
| 31:35 | Option E1754 · first_building Siege Workshop |
| 32:38 | NEGRONE2280 · first_building Castle |
| 32:48 | NEGRONE2280 · first_building Siege Workshop |
| 35:23 | EL THANOS · age_up imperial |
| 36:08 | DOLAR2305 · first_building Siege Workshop |
| 36:37 | psnb694238 · wall_segment Stone Wall x1 |
| 36:38 | psnb694238 · wall_segment Stone Wall x1 |
| 36:38 | psnb694238 · wall_segment Stone Wall x1 |
| 36:38 | psnb694238 · wall_segment Stone Wall x1 |
| 37:31 | Reywell10 · first_building Monastery |
| 37:55 | EL THANOS · first_building Monastery |
| 38:12 | RudiKillerD · first_market_sell 100 wood |
| 40:23 | Option E1754 · first_market_sell 100 food |
| 40:39 | RudiKillerD · first_building Siege Workshop |
| 41:32 | RudiKillerD · age_up imperial |
| 42:58 | DOLAR2305 · wall_segment Stone Wall x26 |
| 43:19 | psnb694238 · age_up imperial |
| 44:33 | ColeEcoBOOM · resign |
[ AI ANALYSIS · 1 CREDIT ]
What really happened in this match?
Wolo.gg analyzes every decision: build order, eco, micro, common mistakes by bracket. Personalized analysis on WhatsApp or Discord in 30 seconds.
Civ guide
Italians
Perfil
Jugador #24577483